 Dungeon Crawl Stone Soup version 0.29-a0-823-gc37b1572da (webtiles) character file.

Game seed: 10988648178180585003

68154 jfcaron the Severer (level 15, -28/138 HPs)
             Began as a Hill Orc Fighter on July 8, 2022.
             Was the Champion of Zin.
             Annihilated by a very large slime creature (37 damage)
             ... on level 12 of the Dungeon.
             The game lasted 00:55:23 (26416 turns).

jfcaron the Severer (Hill Orc Fighter)             Turns: 26416, Time: 00:55:24

Health: -28/138    AC: 33    Str: 32    XL:     15   Next: 25%
Magic:  23/23      EV:  6    Int:  8    God:    Zin [******]
Gold:   779        SH: 18    Dex: 16    Spells: 14/14 levels left

rFire   . . .      SeeInvis .   a - +11 trident "Demonslayer" {vorpal, Fly rPois rF- Str+5}
rCold   + . .      Faith    .   Y - +0 tower shield
rNeg    + . .      Spirit   .   i - +10 plate armour of Leihed {rN+}
rPois   +          Reflect  .   N - +0 helmet
rElec   .          Harm     .   x - +0 cloak
rCorr   .          Rampage  .   u - +0 pair of gloves
Will    ++...                   B - +1 pair of boots
Stlth   ..........              e - amulet of the acrobat
HPRegen 0.33/turn               h - +6 ring of dexterity
MPRegen 0.18/turn               I - ring "Denamag" {rF+ rC+ Will+ Stlth-}

@: flying, studying 2 skills
A: no striking features
a: Renounce Religion, Recite, Vitalisation, Imprison, Sanctuary, Donate Gold


You were on level 12 of the Dungeon.
You worshipped Zin.
Zin was exalted by your worship.
You visited 3 branches of the dungeon, and saw 19 of its levels.
You also visited: Bailey.

You collected 2752 gold pieces.
You spent 1766 gold pieces at shops.
You donated 207 gold pieces to Zin.

Inventory:

Hand Weapons
 a - the +11 trident "Demonslayer" (weapon) {vorpal, Fly rPois rF- Str+5}
   (You found it on level 10 of the Dungeon)

   It inflicts extra damage upon your enemies.
   Str:       It affects your strength (+5).
   rF:        It makes you vulnerable to fire.
   rPois:     It protects you from poison.
   Fly:       It grants you flight.
 b - a +0 broad axe
 p - the +6 dagger of the Demonic God {vorpal, Int+4}
   (You found it on level 3 of the Lair of Beasts)

   It inflicts extra damage upon your enemies.
   Int:       It affects your intelligence (+4).
 z - a +5 demon trident
Missiles
 q - 32 poisoned darts
 y - 17 boomerangs (quivered)
 A - a curare-tipped dart {!f}
 C - 4 throwing nets {!f}
 V - 6 javelins
Armour
 i - the +10 plate armour of Leihed (worn) {rN+}
   (You acquired it on level 7 of the Dungeon)

   rN:        It protects you from negative energy.
 u - a +0 pair of gloves (worn)
 x - a +0 cloak (worn)
 B - a +1 pair of boots (worn)
 N - a +0 helmet (worn)
 Y - a +0 tower shield (worn)
Magical Staves
 L - a staff of fire
Jewellery
 e - an amulet of the acrobat (around neck)
 h - a +6 ring of dexterity (left hand)
 I - the ring "Denamag" (right hand) {rF+ rC+ Will+ Stlth-}
   (You bought it in a shop on level 1 of the Dungeon)

   [ring of protection from fire]

   rF:        It protects you from fire.
   rC:        It protects you from cold.
   Will:      It increases your willpower.
   Stlth:     It makes you less stealthy.
 K - the ring "Migasat" {Ice rN++ Str+5 Dex-5}
   (You found it on level 6 of the Dungeon)

   [ring of ice]

   It enhances your ice magic.
   Str:       It affects your strength (+5).
   Dex:       It affects your dexterity (-5).
   rF:        It makes you vulnerable to fire.
   rC:        It protects you from cold.
   rN:        It greatly protects you from negative energy.
Wands
 g - a wand of digging (5)
 o - a wand of mindburst (22)
 t - a wand of charming (35)
 D - a wand of flame (15)
 H - a wand of roots (11)
 S - a wand of quicksilver (16)
Scrolls
 c - a scroll of summoning
 f - 8 scrolls of teleportation
 j - a scroll of immolation
 s - 3 scrolls of poison
 E - 3 scrolls of fear
 M - 4 scrolls of enchant armour
 Q - 2 scrolls of silence
 R - a scroll of blinking
 U - 3 scrolls of enchant weapon
 X - a scroll of magic mapping
 Z - a scroll of vulnerability
Potions
 d - 4 potions of might
 k - 2 potions of flight
 l - 6 potions of cancellation
 m - a potion of mutation
 n - 3 potions of berserk rage
 v - 6 potions of ambrosia
 G - 2 potions of haste
 J - a potion of invisibility
 O - 8 potions of curing
 P - 3 potions of lignification
 T - a potion of magic
Miscellaneous
 r - a tin of tremorstones (2/2)
 w - a phantom mirror
 F - a lightning rod (4/4)
 W - a phial of floods


   Skills:
 + Level 14.1 Fighting
 - Level 18.0(18.4) Axes
 * Level 5.4(11.3) Polearms
 + Level 13.1 Armour
 + Level 13.0 Shields
 + Level 11.0 Invocations
 - Level 7.0 Evocations


You had 14 spell levels left.
You didn't know any spells.
Your spell library contained the following spells:

 Spells                   Type           Power      Damage    Failure   Level
 Apportation              Tloc           0%         N/A       100%        1
 Foxfire                  Conj/Fire      0%         2x1d4     100%        1
 Magic Dart               Conj           0%         1d3       100%        1
 Necrotise                Necr           0%         1d4       100%        1
 Slow                     Hex            0%         N/A       100%        1
 Sting                    Tmut/Pois      0%         1d3       100%        1
 Summon Small Mammal      Summ           0%         N/A       100%        1
 Blink                    Tloc           0%         N/A       100%        2
 Call Imp                 Summ           0%         N/A       100%        2
 Poisonous Vapours        Pois/Air       0%         N/A       100%        2
 Confusing Touch          Hex            0%         N/A       100%        3
 Conjure Flame            Conj/Fire      0%         6-21      100%        3
 Gell's Gravitas          Tloc           0%         N/A       100%        3
 Inner Flame              Hex/Fire       0%         N/A       100%        3
 Lesser Beckoning         Tloc           0%         N/A       100%        3
 Mephitic Cloud           Conj/Pois/Air  0%         N/A       100%        3
 Teleport Other           Tloc           0%         N/A       100%        3
 Vampiric Draining        Necr           0%         2d6       100%        3
 Anguish                  Hex/Necr       0%         N/A       100%        4
 Flame Wave               Conj/Fire      0%         2d4       100%        4
 Olgreb's Toxic Radiance  Pois           0%         N/A       100%        4
 Manifold Assault         Tloc           0%         N/A       100%        5
 Dispersal                Tloc           0%         N/A       100%        6
 Enfeeble                 Hex            0%         N/A       100%        7


Dungeon Overview and Level Annotations

Branches:
Dungeon (12/15)            Temple (1/1) D:7            Lair (6/6) D:8
  Swamp (0/4) Lair:4        Snake (0/4) Lair:4        Slime (0/5) Lair:6
    Orc (0/2) D:9          Bailey (visited)

Altars:
Ashenzari
Cheibriados
Dithmenos
Elyvilon
Fedhas
Gozag
Hepliaklqana
Kikubaaqudgha
Makhleb
Nemelex Xobeh
Okawaru
Qazlal
Ru
Sif Muna
Trog
Uskayaw
Vehumet
Wu Jian
Xom
Yredelemnul
Zin
The Shining One
Beogh
Jiyva

Shops:
D:1 *   D:11 *


Message History

The slime creature quivers. x3
You throw a boomerang. The boomerang hits the slime creature.
The slime creature is lightly wounded.
You reach to attack!
You hit the slime creature.
The slime creature is lightly wounded.
Two slime creatures merge to form a large slime creature.
You impale the large slime creature!!
The large slime creature is moderately wounded.
Two slime creatures merge to form a very large slime creature.
You impale the very large slime creature!!
The very large slime creature is moderately wounded.
The very large slime creature hits you!!!
You impale the very large slime creature!!
The very large slime creature is heavily wounded.
You block the very large slime creature's attack.
You impale the very large slime creature!!
The very large slime creature is severely wounded.
You block the very large slime creature's attack.
You puncture the very large slime creature!
The very large slime creature is severely wounded.
The very large slime creature hits you!!
You are too injured to fight recklessly!
You are too injured to fight recklessly!
You are too injured to fight recklessly!
You are too injured to fight recklessly!
You are too injured to fight recklessly!
You are too injured to fight recklessly!
You are too injured to fight recklessly!
You are too injured to fight recklessly!
You puncture the very large slime creature!
The very large slime creature is severely wounded.
The very large slime creature hits you!
You puncture the very large slime creature!
The very large slime creature is almost dead.
The very large slime creature hits you!!!
* * * LOW HITPOINT WARNING * * *
You puncture the very large slime creature!
The very large slime creature is almost dead.
The very large slime creature hits you!!!
You die...

#........#
#........#
#........+
#........#
#........#
######'###
##.# #..#
#@## #J#
... .....
......#
#......#
#......#
####+###


You could see a very large slime creature.

Vanquished Creatures
  A yaktaur captain (D:11)
  8 hydras
  Fannar (Lair:2)
  2 boulder beetles (D:11)
  2 two-headed ogres (D:11)
  2 centaur warriors (D:11)
  Urug (Lair:2)
  10 death yaks
  2 goliath frogs (Lair:6)
  A wizard (D:11)
  Pikel (D:6)
  A lindwurm (shapeshifter) (D:11)
  A lindwurm (Lair:4)
  An orc knight (D:11)
  3 ugly things (D:11)
  2 deep elf pyromancers (D:11)
  2 cyclopes (D:11)
  3 manticores
  5 elephants (Lair:6)
  3 black mambas
  3 torpor snails
  2 gargoyles (D:11)
  An unseen horror (D:11)
  Maggie (D:10)
  20 cane toads
  7 rime drakes
  A freezing wraith (D:11)
  8 komodo dragons
  4 trolls
  2 polar bears
  A hornet (D:10)
  3 tyrant leeches (Lair:6)
  26 blink frogs
  Grinder (D:5)
  5 dream sheep
  Sigmund (D:5)
  A spriggan (Lair:3)
  A water elemental (D:11)
  3 shadows
  3 wraiths
  10 basilisks
  13 wyverns
  54 yaks
  Grum (Lair:1)
  2 steam dragons
  10 vampire mosquitoes
  2 nagas (Lair:4)
  13 water moccasins
  2 acid dragons
  16 orc warriors
  4 black bears
  2 swamp drakes (Lair:2)
  3 centaurs
  2 ogres
  11 wolves
  A lemure (D:6)
  6 kobold brigands
  Blork the orc (D:5)
  18 bullfrogs
  A gnoll sergeant (D:9)
  3 necrophages (D:5)
  4 scorpions
  6 wights
  An electric eel (Lair:3)
  2 howler monkeys (D:9)
  9 orc priests
  4 hounds
  A gnoll bouda (D:7)
  4 jellies
  Ijyb (D:5)
  2 iguanas
  18 orc wizards
  9 hell rats (Lair:5)
  8 adders
  12 gnolls
  2 shadow imps
  2 white imps (D:5)
  3 dart slugs
  49 orcs
  3 endoplasms
  4 giant cockroaches
  5 hobgoblins
  5 jackals
  2 quokkas (D:3)
  7 ball pythons
  4 bats
  8 goblins
  8 kobolds
  4 rats
  A butterfly (Lair:3)
  51 fungi
  135 plants
695 creatures vanquished.

Notes
Turn   | Place    | Note
-------+----------+-------------------------------------------
     0 | D:1      | jfcaron the Hill Orc Fighter began the quest for the Orb.
     0 | D:1      | Reached XP level 1. HP: 19/19 MP: 1/1
    72 | D:1      | Found a faded altar of an unknown god.
   191 | D:1      | Reached skill level 3 in Axes
   289 | D:1      | Reached XP level 2. HP: 27/27 MP: 2/2
   516 | D:1      | Found Kofat's Assorted Antiques.
   519 | D:1      | Bought a fizzy emerald potion for 17 gold pieces
   738 | D:1      | Reached XP level 3. HP: 33/33 MP: 3/3
  1440 | D:1      | Bought a scroll labelled ISESE FOOLEQEM for 19 gold pieces
  2615 | D:3      | Reached skill level 4 in Axes
  2832 | D:3      | Reached XP level 4. HP: 40/40 MP: 4/4
  3241 | D:3      | Found a burning altar of Makhleb.
  3243 | D:3      | Noticed a balrug
  3421 | D:4      | Found a broken altar of Ashenzari.
  3446 | D:4      | Reached XP level 5. HP: 42/47 MP: 5/5
  3486 | D:4      | Found a basalt altar of Yredelemnul.
  3522 | D:4      | Reached skill level 1 in Evocations
  3664 | D:4      | Reached skill level 5 in Axes
  3873 | D:4      | Found a hazy altar of Hepliaklqana.
  3933 | D:4      | Noticed an ogre
  3951 | D:4      | Killed an ogre
  3952 | D:4      | Reached XP level 6. HP: 24/55 MP: 6/6
  4414 | D:1      | Bought 2 blue potions for 34 gold pieces
  4414 | D:1      | Bought a murky puce potion for 17 gold pieces
  4499 | D:5      | Entered Level 5 of the Dungeon
  4499 | D:5      | Noticed a black bear
  4604 | D:5      | Noticed Sigmund
  4613 | D:5      | Noticed Grinder
  4873 | D:4      | Reached skill level 5 in Fighting
  4873 | D:4      | Reached skill level 6 in Axes
  4971 | D:5      | Killed Sigmund
  4972 | D:5      | Reached XP level 7. HP: 61/61 MP: 7/7
  4978 | D:5      | Killed Grinder
  4979 | D:5      | Reached skill level 7 in Axes
  4979 | D:5      | Reached skill level 5 in Armour
  4979 | D:5      | Reached skill level 5 in Shields
  5018 | D:5      | HP: 3/61 [orc priest/divine providence (14)]
  5019 | D:5      | HP: 1/61 [shadow imp (2)]
  5027 | D:5      | HP: 2/61 [shadow imp/nerve-wracking pain (6)]
  5454 | D:5      | Reached XP level 8. HP: 55/70 MP: 8/8
  6209 | D:5      | Noticed Ijyb
  6210 | D:5      | Noticed Blork the orc
  6211 | D:5      | Killed Ijyb
  6238 | D:5      | Killed Blork the orc
  6239 | D:5      | Reached skill level 8 in Axes
  6593 | D:6      | Noticed a troll
  6947 | D:1      | Bought a scorched silver ring for 95 gold pieces
  6947 | D:1      | Identified the ring "Denamag" {rF+ rC+ Will+ Stlth-} (You
                  | bought it in a shop on level 1 of the Dungeon)
  7067 | D:6      | Killed a troll
  7068 | D:6      | Reached XP level 9. HP: 46/78 MP: 9/9
  7407 | D:6      | Reached skill level 9 in Axes
  7783 | D:6      | Found a blossoming altar of Fedhas.
  8146 | D:6      | Found a glowing silver altar of Zin.
  8159 | D:6      | Became a worshipper of Zin the Law-Giver
  8169 | D:6      | Noticed Pikel
  8186 | D:6      | Killed Pikel
  8187 | D:6      | Reached skill level 10 in Axes
  8200 | D:6      | Identified the ring "Migasat" {Ice rN++ Str+5 Dex-5}
  8778 | D:7      | Donated 24 gold pieces to Zin
  8814 | D:7      | Found a staircase to the Ecumenical Temple.
  8919 | D:7      | Found a radiant altar of Vehumet.
  8929 | D:7      | Identified a scroll of acquirement
  9001 | Temple   | Entered the Ecumenical Temple
  9304 | D:7      | Acquired the +10 plate armour of Leihed {rN+}
  9391 | D:7      | Reached skill level 5 in Evocations
  9397 | D:7      | Identified the +10 short sword "Ruffuuh" {drain, Drain
                  | rElec rF++ rCorr}
  9405 | D:7      | Reached * piety under Zin
  9643 | D:7      | Found a sacrificial altar of Ru.
  9825 | D:8      | Reached XP level 10. HP: 61/86 MP: 10/10
  9835 | D:8      | Reached skill level 11 in Axes
  9848 | D:8      | Found a flagged portal.
  9853 | Bailey   | Entered a bailey
 10208 | Bailey   | Reached ** piety under Zin
 10208 | Bailey   | Reached *** piety under Zin
 10208 | Bailey   | Reached **** piety under Zin
 10208 | Bailey   | Reached ***** piety under Zin
 10278 | Bailey   | Found an iron altar of Okawaru.
 10739 | D:8      | Reached ****** piety under Zin
 10784 | D:8      | Identified the +1 ring mail of the Vacuum {Rampage rElec
                  | rPois Will-}
 11010 | D:8      | Found a staircase to the Lair.
 11545 | D:1      | Bought a curved fluorescent wand for 76 gold pieces
 11842 | D:9      | Reached skill level 12 in Axes
 11850 | D:9      | Found a roughly hewn altar of Beogh.
 11850 | D:9      | Found a staircase to the Orcish Mines.
 12052 | D:9      | Found a glowing golden altar of the Shining One.
 12135 | D:9      | Found a white marble altar of Elyvilon.
 12831 | D:10     | Entered Level 10 of the Dungeon
 12846 | D:10     | Reached XP level 11. HP: 91/95 MP: 11/11
 13319 | D:10     | Noticed Maggie
 13336 | D:10     | Killed Maggie
 13337 | D:10     | Reached skill level 13 in Axes
 13403 | D:10     | Identified the +11 trident "Demonslayer" {vorpal, Fly rPois
                  | rF- Str+5}
 13746 | Lair:1   | Entered Level 1 of the Lair of Beasts
 13763 | Lair:1   | Noticed Grum
 13778 | Lair:1   | Killed Grum
 14690 | Lair:2   | Reached skill level 14 in Axes
 14795 | Lair:2   | Noticed a four-headed hydra
 14812 | Lair:2   | Killed a four-headed hydra
 14816 | Lair:2   | Reached skill level 10 in Fighting
 15122 | Lair:2   | Reached XP level 12. HP: 104/106 MP: 12/12
 15217 | Lair:2   | Noticed Urug
 15226 | Lair:2   | Killed Urug
 15228 | Lair:2   | Noticed Fannar
 15246 | Lair:2   | Killed Fannar
 15247 | Lair:2   | Reached skill level 15 in Axes
 15866 | Lair:3   | Noticed a death yak
 15878 | Lair:3   | Noticed a death yak
 15879 | Lair:3   | Noticed a death yak
 15882 | Lair:3   | Killed a death yak
 15906 | Lair:3   | Killed a death yak
 15916 | Lair:3   | Killed a death yak
 16544 | Lair:3   | Identified the +6 dagger of the Demonic God {vorpal, Int+4}
 16670 | Lair:3   | Reached skill level 10 in Armour
 16885 | Lair:4   | Found a staircase to the Swamp.
 16945 | Lair:4   | Found a staircase to the Snake Pit.
 16965 | Lair:4   | Reached skill level 10 in Shields
 17298 | Lair:4   | Reached skill level 16 in Axes
 17700 | Lair:4   | Reached skill level 1 in Invocations
 17871 | Lair:4   | You are sucked into a shaft and drop 1 floor!
 18245 | Lair:5   | Reached XP level 13. HP: 99/116 MP: 15/15
 19067 | Lair:5   | Reached skill level 17 in Axes
 19670 | Lair:6   | Entered Level 6 of the Lair of Beasts
 19727 | Lair:5   | Reached skill level 5 in Invocations
 20005 | Lair:5   | HP: 20/118 [death yak (18)]
 20007 | Lair:5   | HP: 4/118 [death yak (17)]
 20014 | Lair:5   | HP: 7/118 [death yak (18)]
 20020 | Lair:5   | HP: 14/118 [death yak (8)]
 20772 | Lair:6   | Reached skill level 18 in Axes
 20817 | Lair:6   | Reached XP level 14. HP: 64/127 MP: 18/18
 20851 | Lair:6   | HP: 24/127 [vampire mosquito (5)]
 23543 | Lair:6   | Found a viscous altar of Jiyva.
 23543 | Lair:6   | Found a staircase to the Slime Pits.
 23940 | D:11     | Found Xionaunu's Assorted Antiques.
 23948 | D:11     | Bought a scroll of acquirement for 1508 gold pieces
 23948 | D:11     | Acquired a manual of Invocations
 24149 | D:11     | Reached skill level 1 in Polearms
 24504 | D:11     | Identified the +5 quarterstaff of Offence {freeze, rPois
                  | Dex+2 Stlth+}
 24515 | D:11     | Reached skill level 10 in Invocations
 24782 | D:11     | Reached XP level 15. HP: 135/137 MP: 22/22
 24890 | D:11     | HP: 17/137 [wyvern (13)]
 24901 | D:11     | HP: 9/137 [yaktaur captain/staff of poison (3)]
 25446 | D:11     | Identified the +4 hand axe "Ucutuow" {vorpal, Dex+4}
 25498 | D:11     | HP: 23/138 [lindwurm (shapeshifter)/blast of flame (20)]
 25500 | D:11     | Reached skill level 5 in Polearms
 26415 | D:12     | HP: 9/138 [very large slime creature (41)]
 26416 | D:12     | Annihilated by a very large slime creature

Illustrated notes

Levels and vault maps discovered:
D:1:      psy_arrival_heroes, layout_basic, dreamdust_ecumenical_altar_grove,
          serial_co_window_serial, co_window_paths_a, co_window_paths_a,
          co_window_cross_1, co_window_corner_a, co_window_corner_a,
          co_window_corner_a, co_window_paths_a, co_window_of_opportunity_b,
          co_window_broadway_c, co_window_of_opportunity_b, co_window_2corner,
          glass_columns_a, glass_columns_a, serial_shops,
          nicolae_shop_behind_doors, serial_park_tiny_2
D:2:      layout_basic
D:3:      layout_loops_ring, makhleb_altar_promises_db
D:4:      layout_gridville, lemuel_round_altar, mainiacjoe_overflow_paths,
          overflow_temple_1_default
D:5:      layout_basic, nrook_pool_corridor, uniq_sigmund, uniq_grinder,
          uniq_blork_the_orc, uniq_ijyb
D:6:      layout_rooms, fedhas_ov_isle_minmay, kennysheep_mini_moat,
          dk_noncrumbling_2, uniq_pikel
D:7:      layout_rooms, nicolae_vehumet_radiance,
          nicolae_ru_the_path_less_chosen, temple_doors_e
D:8:      layout_basic, grunt_lair_entry_orc_guard_hut, enter_bailey_3,
          grunt_decor_resistance
D:9:      layout_loops_ring, mainiacjoe_overflow_catwalk_spiral, david_orc_5
D:10:     layout_loops_cross, uniq_maggie
D:11:     minmay_the_grid_square_5x5_4x4_mashed [minmay_the_grid_square_5x5_z,
          minmay_the_grid_square_5x5_hollow_slash,
          minmay_the_grid_square_5x5_three, minmay_the_grid_square_5x5_v,
          minmay_the_grid_square_5x5_checkered_sparse,
          minmay_the_grid_square_5x5_prize_open,
          minmay_the_grid_square_5x5_prize_open,
          minmay_the_grid_square_5x5_percent,
          minmay_the_grid_square_5x5_moneybag,
          minmay_the_grid_square_5x5_prize_junk,
          minmay_the_grid_square_5x5_prize_monsterx,
          minmay_the_grid_square_5x5_tri_point,
          minmay_the_grid_square_5x5_gyroscope,
          minmay_the_grid_square_5x5_shuriken, minmay_the_grid_square_5x5_seven,
          minmay_the_grid_square_5x5_mess], layout_irregular_city, serial_shops,
          nicolae_inconvenience_store
D:12:     layout_roguey, gammafunk_ghost_hive
Temple:   hc_temple_tempest_star
Lair:1:   layout_roguey, grunt_megastairs_4, uniq_grum
Lair:2:   layout_regular_city, pond, uniq_fannar, uniq_urug
Lair:3:   layout_loops_ring, forest_entry_grove, infiniplex_staircase_pool,
          lemuel_fruit_fields
Lair:4:   layout_loops_ring, swamp_mist, guppyfry_snake_entry_garden,
          minivault_11
Lair:5:   layout_loops_ring, special_room [special_room_mythical_zoo],
          lemuel_fruit_tree, serial_bayou_shore_a
Lair:6:   minmay_lair_end_frog_pond, layout_concentric_octagons, slime_entry_1

Skill      XL: |  1  2  3  4  5  6  7  8  9 10 11 12 13 14 15 |
---------------+----------------------------------------------+-----
Axes           | 3 4 5 6 7 8 10 12 14 16 18 | 18.0
Fighting       | 4 5 6 7 8 10 11 12 13 14 | 14.1
Armour         | 4 5 7 8 9 10 11 12 13 | 13.1
Shields        | 4 5 6 7 8 9 10 11 12 13 | 13.0
Evocations     | 1 2 3 4 5 6 7 |  7.0
Invocations    | 2 6 10 11 | 11.0
Polearms       | 3 5 |  5.4

Action                   |  1- 3 |  4- 6 |  7- 9 | 10-12 | 13-15 || total
-------------------------+-------+-------+-------+-------+-------++-------
Melee: War axe           |   116 |   119 |   264 |    73 |       ||   572
       Broad axe         |       |       |       |   208 |     8 ||   216
       Trident           |       |       |       |   367 |   781 ||  1148
Throw: Stone             |     2 |       |       |     2 |    66 ||    70
       Boomerang         |       |     5 |       |       |    56 ||    61
       Dart              |       |     6 |    10 |     6 |     7 ||    29
Invok: Recite            |       |       |     1 |     3 |    11 ||    15
       Donate Gold       |       |       |     1 |       |       ||     1
       Sanctuary         |       |       |       |       |     1 ||     1
Evoke: Wand              |       |     4 |    12 |     8 |    14 ||    38
       Tin of tremorston |       |       |       |       |     3 ||     3
       Lightning rod     |       |       |       |       |     1 ||     1
  Use: Scroll            |       |     5 |    11 |     7 |     5 ||    28
       Potion            |       |     2 |     1 |       |     3 ||     6
 Stab: Confused          |       |       |       |     2 |     1 ||     3
Armor: Scale mail        |    51 |    53 |       |       |       ||   104
       Ring mail         |       |       |    66 |       |       ||    66
       Plate armour      |       |       |    98 |   337 |   397 ||   832
Dodge: Dodged            |    69 |    63 |   113 |   189 |   145 ||   579
Block: Buckler           |    28 |    27 |    78 |   177 |     1 ||   311
       Tower shield      |       |       |       |       |   643 ||   643

Table legend: (Time is in decaauts)
 A = Elapsed time spent in this place.
 B = Non-inter-level travel time spent in this place.
 C = Inter-level travel time spent in this place.
 D = Time resting spent in this place.
 E = Time spent auto-exploring this place.
 F = Levels seen in this place.
 G = Mean time per level.
                   A        B        C        D        E       F      G
               +--------+--------+--------+--------+--------+-----+--------+
         Total |  26655 |  24422 |   2233 |   6499 |  13521 |  20 | 1332.8 |
       Dungeon |  15674 |  13848 |   1826 |   2951 |   8365 |  12 | 1306.2 |
        Temple |    301 |    277 |     24 |      0 |    267 |   1 |  301.0 |
          Lair |   9975 |   9594 |    381 |   3041 |   4887 |   6 | 1662.5 |
        Bailey |    703 |    703 |      0 |    506 |      2 |   1 |  703.0 |
               +--------+--------+--------+--------+--------+-----+--------+

Top non-repeatable levels by time:
  Lair:6: 3411 daAuts
  Lair:5: 2159 daAuts
     D:4: 2033 daAuts
    D:11: 1835 daAuts
     D:1: 1647 daAuts
    D:10: 1561 daAuts
     D:5: 1502 daAuts
     D:6: 1423 daAuts
  Lair:4: 1390 daAuts
     D:9: 1229 daAuts
     D:8: 1137 daAuts
     D:3: 1127 daAuts
  Lair:3: 1114 daAuts
     D:2: 1078 daAuts
  Lair:1: 974 daAuts
